| TOP OF THE 1ST |
|
California Angels batting - Pitching for Oakland Athletics : LHP Trevor Faugno
|
|
Pitching: LHP Trevor Faugno
|
|
|
Batting: LHB Ralph Garr
|
0-0: Ball 1-0: SINGLE (Groundball, 34D, EV 106.3 MPH)
|
|
Batting: RHB Jeff Atherton
|
0-0: Ball 1-0: Ball 2-0: Foul Ball, location: 2F 2-1: SINGLE (Groundball, 4M, EV 103.1 MPH) (infield hit) Ralph Garr to second
|
|
Batting: SHB Jon Hernandez
|
0-0: Called Strike 0-1: Swinging Strike 0-2: Ball 1-2: Strikes out looking
|
|
Batting: RHB Frank White
|
0-0: Fly out, F7 (Flyball, 7, EV 91.3 MPH)
|
|
Batting: RHB Charlie Moore
|
0-0: Swinging Strike 0-1: Ball 1-1: Foul Ball, location: 2F 1-2: Ball 2-2: DOUBLE (Groundball, 5L, EV 103.1 MPH) Ralph Garr scores Jeff Atherton to third Runner from 3rd tries for Home, SAFE, throw by LF to trailing runner, SAFE at third!
|
|
Batting: SHB Manny Castillo
|
0-0: Ground out 4-3 (Groundball, 4, EV 100.6 MPH)
|
| Top of the 1st over - 2 runs, 3 hits, 0 errors, 1 left on base; California 2 - Oakland 0 |
| BOTTOM OF THE 1ST |
|
Oakland Athletics batting - Pitching for California Angels : LHP Ray Fontenot
|
|
Pitching: LHP Ray Fontenot
|
|
|
Batting: RHB Willie Randolph
|
0-0: Called Strike 0-1: Ball 1-1: Swinging Strike 1-2: Strikes out swinging
|
|
Batting: LHB Ruppert Jones
|
0-0: Ball 1-0: Foul Ball, location: 2F 1-1: Ball 2-1: Ball 3-1: Base on Balls
|
|
Batting: LHB Ben Oglivie
|
0-0: Ball 1-0: Called Strike 1-1: Ball 2-1: Foul Ball, location: 2F 2-2: Fly out, F4 (Popup, 34D, EV 65.0 MPH)
|
|
Batting: RHB George Hendrick
|
0-0: Ball 1-0: Foul Ball, location: 2F 1-1: Called Strike 1-2: Foul Ball, location: 2F 1-2: Ball 2-2: Ball 3-2: Ground out 5-3 (Groundball, 56S, EV 84.4 MPH)
|
| Bottom of the 1st over - 0 runs, 0 hits, 0 errors, 1 left on base; California 2 - Oakland 0 |
| TOP OF THE 2ND |
|
California Angels batting - Pitching for Oakland Athletics : LHP Trevor Faugno
|
|
Batting: RHB Carlos Pimentel
|
0-0: Swinging Strike 0-1: Swinging Strike 0-2: Foul Ball, location: 2F 0-2: Foul Ball, location: 2F 0-2: SINGLE (Line Drive, 8RS, EV 102.5 MPH)
|
|
Batting: LHB Brian Rosinski
|
0-0: Ball 1-0: Ball 2-0: Fly out, F8 (Flyball, 8LM, EV 96.3 MPH)
|
|
Batting: SHB Ignacio Medina
|
0-0: Ball Carlos Pimentel steals 2nd, throwing error, E2 Carlos Pimentel to third 1-0: Ball 2-0: Foul Ball, location: 2F 2-1: Hit by Pitch
|
|
Batting: LHB Ralph Garr
|
0-0: Called Strike 0-1: SINGLE (Flyball, 78S, EV 87.5 MPH) Carlos Pimentel scores Ignacio Medina to second
|
|
Batting: RHB Jeff Atherton
|
0-0: Ball 1-0: Grounds into double play, 4-6-3 (Groundball, 4, EV 108.8 MPH)
|
| Top of the 2nd over - 1 run, 2 hits, 1 error, 1 left on base; California 3 - Oakland 0 |
| BOTTOM OF THE 2ND |
|
Oakland Athletics batting - Pitching for California Angels : LHP Ray Fontenot
|
|
Batting: RHB Toby Harrah
|
0-0: Ball 1-0: Foul Ball, location: 2F 1-1: Ball 2-1: Foul Ball, location: 2F 2-2: SINGLE (Groundball, 34D, EV 98.1 MPH)
|
|
Batting: LHB Reggie Jackson
|
0-0: Ball 1-0: Foul Ball, location: 2F 1-1: Foul Ball, location: 2F 1-2: Grounds into double play, 4-6-3 (Groundball, 4M, EV 86.9 MPH)
|
|
Batting: RHB Earl C Williams
|
0-0: Ball 1-0: Ball 2-0: Ball 3-0: Called Strike 3-1: Foul Ball, location: 2F 3-2: Foul Ball, location: 2F 3-2: Foul Ball, location: 2F 3-2: Base on Balls
|
|
Batting: RHB Barry Foote
|
0-0: Ball 1-0: Foul Ball, location: 2F 1-1: Ball 2-1: Ball 3-1: Called Strike 3-2: Base on Balls Earl C Williams to second
|
|
Batting: RHB Fred Andrews
|
0-0: Ball 1-0: Ground out 3-1 (Groundball, 34, EV 82.5 MPH)
|
| Bottom of the 2nd over - 0 runs, 1 hit, 0 errors, 2 left on base; California 3 - Oakland 0 |
| TOP OF THE 3RD |
|
California Angels batting - Pitching for Oakland Athletics : LHP Trevor Faugno
|
|
Batting: SHB Jon Hernandez
|
0-0: Fly out, F9 (Flyball, 9LD, EV 94.4 MPH)
|
|
Batting: RHB Frank White
|
0-0: SINGLE (Groundball, 6MD, EV 94.4 MPH)
|
|
Batting: RHB Charlie Moore
|
0-0: Ball 1-0: Fielders Choice at 2nd, 1-4 (Groundball, 15S, EV 71.9 MPH)
|
|
Batting: SHB Manny Castillo
|
0-0: Ball Charlie Moore steals 2nd base 1-0: Called Strike 1-1: Called Strike 1-2: Ball 2-2: Strikes out swinging
|
| Top of the 3rd over - 0 runs, 1 hit, 0 errors, 1 left on base; California 3 - Oakland 0 |
| BOTTOM OF THE 3RD |
|
Oakland Athletics batting - Pitching for California Angels : LHP Ray Fontenot
|
|
Batting: RHB Willie Randolph
|
0-0: Foul Ball, location: 2F 0-1: Ball 1-1: SINGLE (Line Drive, 8LS, EV 100.0 MPH)
|
|
Batting: LHB Ruppert Jones
|
0-0: Ball 1-0: Foul Ball, location: 2F 1-1: Fly out, F7 (Flyball, 78S, EV 94.4 MPH)
|
|
Batting: LHB Ben Oglivie
|
0-0: Called Strike 0-1: Called Strike 0-2: Ball 1-2: Foul Ball, location: 2F 1-2: Foul Ball, location: 2F 1-2: Foul Ball, location: 2F 1-2: Foul Ball, location: 2F 1-2: Ball Willie Randolph steals 2nd base 2-2: Ball 3-2: Base on Balls
|
|
Batting: RHB George Hendrick
|
0-0: Ball 1-0: Foul Ball, location: 2F 1-1: Ball 2-1: Grounds into double play, 5-4-3 (Groundball, 5, EV 91.9 MPH)
|
| Bottom of the 3rd over - 0 runs, 1 hit, 0 errors, 1 left on base; California 3 - Oakland 0 |
| TOP OF THE 4TH |
|
California Angels batting - Pitching for Oakland Athletics : LHP Trevor Faugno
|
|
Batting: RHB Carlos Pimentel
|
0-0: DOUBLE (Line Drive, 8RD, EV 97.5 MPH)
|
|
Batting: LHB Brian Rosinski
|
0-0: Ground out 5-3 (Groundball, 56, EV 103.1 MPH)
|
|
Batting: SHB Ignacio Medina
|
0-0: Swinging Strike 0-1: Ball 1-1: Foul Ball, location: 2F 1-2: Ball 2-2: Ball 3-2: Reached on error, E5 (Groundball, 56, EV 95.0 MPH) Carlos Pimentel to third
|
|
Batting: LHB Ralph Garr
|
0-0: Foul Ball, location: 2F 0-1: Ball 1-1: Ball 2-1: Foul Ball, location: 2F 2-2: Ball 3-2: 3-RUN HOME RUN (Flyball, 89XD, EV 91.9 MPH), Distance : 419 ft
|
|
Batting: RHB Jeff Atherton
|
0-0: SINGLE (Groundball, 56, EV 96.3 MPH) (infield hit)
|
|
Batting: SHB Jon Hernandez
|
0-0: Ball 1-0: Ball 2-0: Foul Ball, location: 2F 2-1: Ball 3-1: Called Strike 3-2: Foul Ball, location: 2F 3-2: Base on Balls Jeff Atherton to second
|
|
Batting: RHB Frank White
|
0-0: Foul Ball, location: 2F 0-1: Ball 1-1: Grounds into double play, 3-6-3 (Groundball, 34, EV 98.8 MPH)
|
| Top of the 4th over - 3 runs, 3 hits, 1 error, 1 left on base; California 6 - Oakland 0 |
| BOTTOM OF THE 4TH |
|
Oakland Athletics batting - Pitching for California Angels : LHP Ray Fontenot
|
|
Batting: RHB Toby Harrah
|
0-0: Called Strike 0-1: Ball 1-1: Ball 2-1: Fly out, F9 (Flyball, 9LS, EV 93.8 MPH)
|
|
Batting: LHB Reggie Jackson
|
0-0: Called Strike 0-1: Ball 1-1: Foul Ball, location: 2F 1-2: Ball 2-2: Fly out, F8 (Line Drive, 8LM, EV 91.9 MPH)
|
|
Batting: RHB Earl C Williams
|
0-0: Fly out, F9 (Line Drive, 9, EV 88.8 MPH)
|
| Bottom of the 4th over - 0 runs, 0 hits, 0 errors, 0 left on base; California 6 - Oakland 0 |
| TOP OF THE 5TH |
|
California Angels batting - Pitching for Oakland Athletics : LHP Trevor Faugno
|
|
Batting: RHB Charlie Moore
|
0-0: Called Strike 0-1: Foul Ball, location: 2F 0-2: Ball 1-2: Strikes out swinging
|
|
Batting: SHB Manny Castillo
|
0-0: SINGLE (Groundball, 4MD, EV 99.4 MPH)
|
|
Batting: RHB Carlos Pimentel
|
0-0: Called Strike 0-1: SINGLE (Line Drive, 56D, EV 101.3 MPH) Manny Castillo to second
|
|
Pitching: LHP Gerald Tyler
|
|
|
Batting: LHB Brian Rosinski
|
0-0: Swinging Strike 0-1: Ball 1-1: Foul Ball, location: 2F 1-2: Ball 2-2: Strikes out swinging
|
|
Batting: SHB Ignacio Medina
|
0-0: Ball 1-0: SINGLE (Flyball, 34D, EV 86.9 MPH) Manny Castillo to third Carlos Pimentel to second Runner from 3rd tries for Home, SAFE, throw by RF to home
|
|
Batting: LHB Ralph Garr
|
0-0: Called Strike 0-1: Ball 1-1: Ball 2-1: Swinging Strike 2-2: Ball 3-2: Foul Ball, location: 2F 3-2: Foul Ball, location: 2F 3-2: Base on Balls Carlos Pimentel to third Ignacio Medina to second
|
|
Batting: RHB Jeff Atherton
|
0-0: Called Strike 0-1: Ball 1-1: Ground out 4-3 (Groundball, 4, EV 109.4 MPH)
|
| Top of the 5th over - 1 run, 3 hits, 0 errors, 3 left on base; California 7 - Oakland 0 |
| BOTTOM OF THE 5TH |
|
Oakland Athletics batting - Pitching for California Angels : LHP Ray Fontenot
|
|
Batting: RHB Barry Foote
|
0-0: Ground out 5-3 (Groundball, 5S, EV 61.3 MPH)
|
|
Batting: RHB Fred Andrews
|
0-0: Foul Ball, location: 2F 0-1: Ball 1-1: Swinging Strike 1-2: SINGLE (Groundball, 56D, EV 94.4 MPH)
|
|
Batting: RHB Willie Randolph
|
0-0: Ball 1-0: Called Strike 1-1: Ball 2-1: Foul Ball, location: 2F 2-2: Ground out U3 (Groundball, 3, EV 85.6 MPH) Fred Andrews to second
|
|
Batting: LHB Ruppert Jones
|
0-0: Fly out, F9 (Flyball, 89D, EV 100.6 MPH)
|
| Bottom of the 5th over - 0 runs, 1 hit, 0 errors, 1 left on base; California 7 - Oakland 0 |
| TOP OF THE 6TH |
|
California Angels batting - Pitching for Oakland Athletics : LHP Gerald Tyler
|
|
Batting: SHB Jon Hernandez
|
0-0: Ball 1-0: Ball 2-0: Called Strike 2-1: Ball 3-1: Base on Balls
|
|
Batting: RHB Frank White
|
0-0: Ball 1-0: Foul Ball, location: 2F 1-1: Fielders Choice at 2nd, 6-4 (Groundball, 56D, EV 78.1 MPH)
|
|
Batting: RHB Charlie Moore
|
0-0: SINGLE (Groundball, 4D, EV 96.9 MPH) Frank White to second
|
|
Batting: SHB Manny Castillo
|
0-0: Fly out, F6 (Flyball, 56D, EV 84.4 MPH)
|
|
Batting: RHB Carlos Pimentel
|
0-0: Ball 1-0: Called Strike 1-1: Called Strike 1-2: Strikes out looking
|
| Top of the 6th over - 0 runs, 1 hit, 0 errors, 2 left on base; California 7 - Oakland 0 |
| BOTTOM OF THE 6TH |
|
Oakland Athletics batting - Pitching for California Angels : LHP Ray Fontenot
|
|
Batting: LHB Ben Oglivie
|
0-0: Fly out, F7 (Flyball, 7S, EV 88.8 MPH)
|
|
Batting: RHB George Hendrick
|
0-0: Called Strike 0-1: Ball 1-1: Foul Ball, location: 2F 1-2: Ball 2-2: Foul Ball, location: 2F 2-2: Ball 3-2: Foul Ball, location: 2F 3-2: Fly out, F8 (Flyball, 89D, EV 86.3 MPH)
|
|
Batting: RHB Toby Harrah
|
0-0: Ball 1-0: Called Strike 1-1: Ball 2-1: Foul Ball, location: 2F 2-2: Foul Ball, location: 2F 2-2: Fly out, F9 (Flyball, 9LM, EV 95.0 MPH)
|
| Bottom of the 6th over - 0 runs, 0 hits, 0 errors, 0 left on base; California 7 - Oakland 0 |
| TOP OF THE 7TH |
|
California Angels batting - Pitching for Oakland Athletics : LHP Gerald Tyler
|
|
Batting: LHB Brian Rosinski
|
0-0: Called Strike 0-1: Swinging Strike 0-2: Ball 1-2: Ball 2-2: SINGLE (Line Drive, 8LM, EV 106.3 MPH)
|
|
Batting: SHB Ignacio Medina
|
0-0: Called Strike 0-1: Called Strike 0-2: Ball 1-2: Ball 2-2: Ball 3-2: SINGLE (Groundball, 6MD, EV 103.1 MPH) Brian Rosinski to second
|
|
Batting: LHB Ralph Garr
|
0-0: Ball 1-0: Ball 2-0: Foul Ball, location: 2F 2-1: Ball 3-1: Foul Ball, location: 2F 3-2: Strikes out swinging
|
|
Batting: RHB Jeff Atherton
|
0-0: Grounds into double play, 6-4-3 (Groundball, 56, EV 75.6 MPH)
|
| Top of the 7th over - 0 runs, 2 hits, 0 errors, 1 left on base; California 7 - Oakland 0 |
| BOTTOM OF THE 7TH |
|
Oakland Athletics batting - Pitching for California Angels : LHP Ray Fontenot
|
|
Pitching: LHP Richard Broas
|
|
|
Batting: LHB Reggie Jackson
|
0-0: Ball 1-0: Ball 2-0: Called Strike 2-1: Ball 3-1: Fly out, F9 (Flyball, 9S, EV 86.9 MPH)
|
|
Batting: RHB Earl C Williams
|
0-0: Ball 1-0: Ground out 6-3 (Groundball, 6, EV 83.1 MPH)
|
|
Batting: RHB Barry Foote
|
0-0: Ball 1-0: Ball 2-0: Swinging Strike 2-1: Foul Ball, location: 2F 2-2: Ball 3-2: Foul Ball, location: 2F 3-2: Foul Ball, location: 2F 3-2: Fly out, F4 (Popup, 13, EV 75.0 MPH)
|
| Bottom of the 7th over - 0 runs, 0 hits, 0 errors, 0 left on base; California 7 - Oakland 0 |
| TOP OF THE 8TH |
|
California Angels batting - Pitching for Oakland Athletics : LHP Gerald Tyler
|
|
Batting: SHB Jon Hernandez
|
0-0: Swinging Strike 0-1: Foul Ball, location: 2F 0-2: Reached on error, E6 (Groundball, 6, EV 84.4 MPH)
|
|
Pitching: RHP Ron G Davis
|
|
|
Batting: RHB Frank White
|
0-0: Ball Balk! Jon Hernandez to second 1-0: Ground out 6-3 (Groundball, 56D, EV 96.3 MPH)
|
|
Batting: RHB Charlie Moore
|
0-0: Ball 1-0: Ball 2-0: Called Strike 2-1: Foul Ball, location: 2F 2-2: Foul Ball, location: 2F 2-2: Foul Ball, location: 2F 2-2: Ball 3-2: DOUBLE (Flyball, 8RD, EV 91.9 MPH) Jon Hernandez scores
|
|
Batting: SHB Manny Castillo
|
0-0: Ball 1-0: Called Strike 1-1: Ball 2-1: SINGLE (Groundball, 25, EV 63.8 MPH) (infield hit) Charlie Moore to third
|
|
Batting: RHB Carlos Pimentel
|
0-0: Called Strike 0-1: Foul Ball, location: 2F 0-2: Strikes out swinging
|
|
Batting: LHB Brian Rosinski
|
0-0: Called Strike 0-1: Ground out 1-3 (Groundball, 15S, EV 65.0 MPH)
|
| Top of the 8th over - 1 run, 2 hits, 1 error, 2 left on base; California 8 - Oakland 0 |
| BOTTOM OF THE 8TH |
|
Oakland Athletics batting - Pitching for California Angels : LHP Richard Broas
|
|
Batting: RHB Fred Andrews
|
0-0: Ball 1-0: Called Strike 1-1: Swinging Strike 1-2: Ball 2-2: Strikes out swinging
|
|
Batting: RHB Willie Randolph
|
0-0: Ball 1-0: Foul Ball, location: 2F 1-1: Ball 2-1: Foul Ball, location: 2F 2-2: DOUBLE (Flyball, 78D, EV 95.0 MPH)
|
|
Batting: LHB Ruppert Jones
|
0-0: Ball 1-0: Foul Ball, location: 2F 1-1: Called Strike 1-2: Strikes out looking
|
|
Batting: LHB Ben Oglivie
|
0-0: Ground out 4-3 (Groundball, 4MS, EV 75.0 MPH)
|
| Bottom of the 8th over - 0 runs, 1 hit, 0 errors, 1 left on base; California 8 - Oakland 0 |
| TOP OF THE 9TH |
|
California Angels batting - Pitching for Oakland Athletics : RHP Ron G Davis
|
|
Batting: SHB Ignacio Medina
|
0-0: Ball 1-0: Fly out, F8 (Flyball, 8RS, EV 79.4 MPH)
|
|
Batting: LHB Ralph Garr
|
0-0: Fly out, F9 (Flyball, 9D, EV 90.0 MPH)
|
|
Batting: RHB Jeff Atherton
|
0-0: Ball 1-0: SINGLE (Groundball, 34S, EV 98.1 MPH)
|
|
Batting: SHB Jon Hernandez
|
0-0: Ground out 4-3 (Groundball, 4M, EV 104.4 MPH)
|
| Top of the 9th over - 0 runs, 1 hit, 0 errors, 1 left on base; California 8 - Oakland 0 |
| BOTTOM OF THE 9TH |
|
Oakland Athletics batting - Pitching for California Angels : LHP Richard Broas
|
|
Batting: RHB George Hendrick
|
0-0: Called Strike 0-1: Foul Ball, location: 2F 0-2: Ball 1-2: Ball 2-2: Ball 3-2: Foul Ball, location: 2F 3-2: Base on Balls
|
|
Pitching: RHP Mike Proly
|
|
|
Batting: RHB Toby Harrah
|
0-0: Called Strike 0-1: SINGLE (Groundball, 56D, EV 103.1 MPH) George Hendrick to second
|
|
Batting: LHB Reggie Jackson
|
0-0: SINGLE (Flyball, 6D, EV 88.1 MPH) George Hendrick to third Toby Harrah to second
|
|
Batting: RHB Earl C Williams
|
0-0: Ball 1-0: Fly out, F7 (Flyball, 7D, EV 102.5 MPH) Runner from 3rd tags up, SCORES, no throw by LF
|
|
Batting: RHB Barry Foote
|
0-0: Foul Ball, location: 2F 0-1: Ball 1-1: Ball 2-1: Ball 3-1: Fly out, F4 (Popup, 4M, EV 70.0 MPH)
|
|
Batting: RHB Fred Andrews
|
0-0: Ball 1-0: DOUBLE (Line Drive, 7LM, EV 112.5 MPH) Toby Harrah scores Reggie Jackson to third
|
|
Batting: RHB Willie Randolph
|
0-0: SINGLE (Line Drive, 3D, EV 101.3 MPH) Reggie Jackson scores Fred Andrews to third
|
|
Batting: LHB Ruppert Jones
|
0-0: Swinging Strike 0-1: Fielders Choice at 2nd, 6-4 (Groundball, 6, EV 77.5 MPH)
|
| Bottom of the 9th over - 3 runs, 4 hits, 0 errors, 2 left on base; California 8 - Oakland 3 |
|